 Dungeon Crawl Stone Soup version 0.32-a0-859-gb0a091d592 (webtiles) character file.

Game seed: 6025155056181484821

471 SpaceCowgir3 the Shield-Bearer (level 7, -1/39 HPs)
             Began as a Gargoyle Fighter on Mar 27, 2024.
             Slain by a hound (5 damage)
             ... on level 5 of the Dungeon.
             The game lasted 00:03:55 (3370 turns).

SpaceCowgir3 the Shield-Bearer (Gargoyle Fighter)   Turns: 3370, Time: 00:03:55

Health: -1/39      AC: 13    Str: 21    XL:     7   Next: 9%
Magic:  7/7        EV:  6    Int:  9    God:
Gold:   189        SH: 13    Dex: 15    Spells: 6/6 levels left

rFire   . . .        a - +1 war axe
rCold   . . .        r - +0 tower shield
rNeg    + . .        b - +0 scale mail
rPois   ∞            (no helmet)
rElec   +            s - +0 cloak
rCorr   .            (no gloves)
SInv    +            (no boots)
Will    +....        i - amulet of the acrobat Stlth
                     p - +6 ring of dexterity
HPRegen 0.26/turn    (no ring)
MPRegen 0.10/turn

%: acrobat
@: no status effects
A: sickness immunity, AC +4, negative energy resistance 1, electricity
resistance, torment resistance 1, petrification resistance, see invisible, frail
1, strong-willed 1
a: Convert to Beogh


You were on level 5 of the Dungeon.
You visited 1 branch of the dungeon, and saw 5 of its levels.

You collected 189 gold pieces.

Inventory:

Hand Weapons
 a - a +1 war axe (weapon)
Missiles
 n - a throwing net (quivered)
Armour
 b - a +0 scale mail (worn)
 c - a +0 buckler
 r - a +0 tower shield (worn)
 s - a +0 cloak (worn)
Jewellery
 i - an amulet of the acrobat (around neck)
 l - a ring of positive energy
 p - a +6 ring of dexterity (left hand)
Scrolls
 e - 2 scrolls of identify {unknown}
 f - 5 scrolls of fear
 g - 2 scrolls of amnesia
 h - a scroll of teleportation
 k - a scroll of blinking
 o - a scroll of revelation {unknown}
 u - a scroll of enchant armour {unknown}
Potions
 d - 2 potions of might
 j - 2 potions of haste
 m - a potion of heal wounds {unknown}
 q - a potion of curing {unknown}
 t - a potion of enlightenment {unknown}


   Skills:
 + Level 4.3 Fighting
 + Level 4.4 Axes
 + Level 4.5 Armour
 + Level 1.1 Dodging
 + Level 0.4 Stealth
 + Level 5.0 Shields


You had 6 spell levels left.
You didn't know any spells.
Your spell library contained the following spells:

 Spells                   Type           Power      Damage    Failure   Level
 Freeze                   Ice            0%         1d3       100%        1
 Frozen Ramparts          Ice            0%         1d1       100%        3
 Hailstorm                Conj/Ice       0%         3d5       100%        3
 Animate Dead             Necr           0%         N/A       100%        4
 Haunt                    Necr/Summ      0%         N/A       100%        7
 Infestation              Necr           0%         N/A       100%        8


Dungeon Overview and Level Annotations

Branches:
Dungeon (5/15)             Temple (0/1) D:4

Altars:
Dithmenos
Gozag
Hepliaklqana
The Shining One

Shops:
D:2 ?   D:4 =


Innate Abilities, Weirdness & Mutations

You are immune to sickness and miasma.
Your stone body is resilient. (AC +4)
You are immune to poison.
You resist negative energy. (rN+)
You are resistant to electric shocks. (rElec)
You are resistant to unholy torment.
You are immune to petrification.
You have supernaturally acute eyesight. (SInv)
You are frail. (-10% HP)
You are strong-willed. (Will+)


Message History

An orc is nearby!
An orc is nearby!
An orc is nearby!
An orc priest comes into view. It is wielding a +0 club.
Found 11 gold pieces.
A hound comes into view.
The hound barks!
The orc priest mumbles some strange prayers to Beogh against you.
Pain shoots through your body!
An orc comes into view. It is wielding a +0 dagger.
You block the orc's attack.
You barely miss the orc. The orc hits you with a +0 club.
The hound bites you but does no damage.
You hit the hound.
The hound is lightly wounded.
You slash the orc!
You kill the orc!
You block the hound's attack.
An orc wizard comes into view. It is wielding a +0 dagger.
You block the hound's attack. You block the orc priest's attack.
The orc priest mumbles some strange prayers to Beogh against you.
Beogh smites you! You block the hound's attack.
The orc priest threatens, "Beogh's wrath is as vast as their mercy.
Make your choice!" (press Y on the ability menu to convert to Beogh)
You barely miss the hound.
The hound is lightly wounded.
The hound barely misses you. You block the hound's attack.
You completely miss the hound. The hound bites you but does no damage.
The orc wizard gestures wildly while chanting.
The orc wizard flickers and vanishes for a moment.
The hound barely misses you.
You closely miss the hound. The hound barely misses you.
The hound bites you but does no damage. The hound bites you.
The orc priest mumbles some strange prayers to Beogh against you.
Beogh smites you!
* * * LOW HITPOINT WARNING * * *
You slash the hound!
The hound is severely wounded.
The hound bites you.
You die...

### #.. ..# #.#.# # #.#
#.#.### .#.##.# .......
..#.#..## # #.#.#..##.
..... #.# #.#.#.... #
#..# ###.$.. #.#.# ..#
#.#..##o.....#
#.#.###.####.#..@ho......
#.#†............##o##.#.#
.............#.## .#
#####.#.######.# .#
#..........###.##
###.............#
#..#########..# #..# ..#
#..#


You could see a hound, an orc priest, an orc wizard (invisible) and an orc.

Vanquished Creatures
  A black bear (D:4)
  3 killer bees (D:5)
  A howler monkey (D:5)
  A hound (D:5)
  A bombardier beetle (D:5)
  Jessica (D:3)
  Robin (D:3)
  A gnoll (D:3)
  2 adders
  A dart slug (D:3)
  4 ribbon worms
  An orc (D:5)
  7 bats
  4 endoplasms
  2 giant cockroaches
  12 goblins
  9 hobgoblins
  4 quokkas
  5 ball pythons
  4 frilled lizards
  8 kobolds
  8 rats
81 creatures vanquished.

Notes
Turn   | Place    | Note
-------+----------+-------------------------------------------
     0 | D:1      | SpaceCowgir3 the Gargoyle Fighter began the quest for the
                  | Orb.
     0 | D:1      | Reached XP level 1. HP: 14/14 MP: 1/1
   147 | D:1      | Reached XP level 2. HP: 19/19 MP: 2/2
   525 | D:1      | Reached XP level 3. HP: 20/23 MP: 3/3
  1009 | D:2      | Found Woleopliu's Magic Scroll Boutique.
  1230 | D:2      | You fall into a shaft and drop 1 floor!
  1419 | D:3      | Reached XP level 4. HP: 11/29 MP: 4/4
  1570 | D:3      | Found a faded altar of an unknown god.
  1570 | D:3      | Found a shadowy altar of Dithmenos.
  1578 | D:3      | Found a hazy altar of Hepliaklqana.
  1580 | D:3      | Found an opulent altar of Gozag.
  1582 | D:3      | Found a glowing golden altar of the Shining One.
  1658 | D:3      | Noticed Robin
  1676 | D:3      | Killed Robin
  2245 | D:3      | Noticed Jessica
  2252 | D:3      | Killed Jessica
  2253 | D:3      | Reached XP level 5. HP: 33/33 MP: 5/5
  2288 | D:3      | Gained mutation: You have supernaturally acute eyesight.
                  | (SInv) [potion of mutation]
  2288 | D:3      | Gained mutation: You are strong-willed. (Will+) [potion of
                  | mutation]
  2288 | D:3      | Gained mutation: You are frail. (-10% HP) [potion of
                  | mutation]
  2442 | D:4      | Found a staircase to the Ecumenical Temple.
  2811 | D:4      | Found Hano's Jewellery Shop.
  2840 | D:4      | Noticed a black bear
  2846 | D:4      | Killed a black bear
  2847 | D:4      | Reached skill level 1 in Dodging
  2847 | D:4      | Reached skill level 4 in Shields
  2847 | D:4      | Reached XP level 6. HP: 33/34 MP: 6/6
  3078 | D:5      | Entered Level 5 of the Dungeon
  3326 | D:5      | Reached skill level 5 in Shields
  3326 | D:5      | Reached XP level 7. HP: 39/39 MP: 7/7
  3370 | D:5      | Slain by a hound

Illustrated notes

Levels and vault maps discovered:
D:1:      ncdulo_watergridlock, layout_basic, minmay_octomino_c4
D:2:      layout_loops_corners, serial_shops, shop
D:3:      layout_loops_corners, chequers_temple_overflow_minitemple,
          serial_bayou_pond_b, uniq_jessica, uniq_robin
D:4:      layout_gridville, temple_doors_cd, serial_shops,
          nicolae_shop_window_shopping, grunt_ministairs_2,
          kennysheep_pointless_box
D:5:      layout_loops_ring, minmay_misc_feat_square

Skill      XL: |  1  2  3  4  5  6 |
---------------+-------------------+-----
Axes           | 2 3 4 |  4.4
Armour         | 4 |  4.5
Fighting       | 4 |  4.3
Dodging        | 1 |  1.1
Shields        | 4 5 |  5.0
Stealth        | |  0.4

Action                     |  1- 3 |  4- 6 |  7- 9 || total
---------------------------+-------+-------+-------++-------
  Melee: War axe           |   127 |   112 |     6 ||   245
    Use: Scroll            |       |     6 |       ||     6
         Potion            |       |     6 |       ||     6
 Armour: Scale mail        |    97 |    87 |     6 ||   190
  Dodge: Dodged            |    74 |    45 |     3 ||   122
  Block: Buckler           |    28 |     5 |       ||    33
         Tower shield      |       |    94 |     6 ||   100

Table legend: (Time is in decaauts)
 A = Elapsed time spent in this place.
 B = Non-inter-level travel time spent in this place.
 C = Inter-level travel time spent in this place.
 D = Time resting spent in this place.
 E = Time spent auto-exploring this place.
 F = Levels seen in this place.
 G = Mean time per level.
                   A        B        C        D        E       F      G
               +--------+--------+--------+--------+--------+-----+--------+
         Total |   3469 |   3351 |    118 |     30 |   2603 |   5 |  693.8 |
       Dungeon |   3469 |   3351 |    118 |     30 |   2603 |   5 |  693.8 |
               +--------+--------+--------+--------+--------+-----+--------+

Top non-repeatable levels by time:
     D:3: 1168 daAuts
     D:1: 926 daAuts
     D:4: 710 daAuts
     D:2: 343 daAuts
     D:5: 320 daAuts
